 Dungeon Crawl Stone Soup version 0.20.1-1-g8b1a95d (webtiles) character file.

65417 Jannitor the Nimble (level 14, -10/77 HPs)
             Began as a Spriggan Chaos Knight on Oct 1, 2017.
             Mangled by a sun demon (28 damage)
             ... summoned by an orc high priest
             ... on level 2 of the Orcish Mines on Oct 2, 2017.
             The game lasted 01:41:06 (30427 turns).

Jannitor the Nimble (Spriggan Chaos Knight)        Turns: 30427, Time: 01:41:10

Health: -10/77     AC:  8    Str: 16    XL:     14   Next: 75%
Magic:  34/34      EV: 34    Int: 16    God:    Xom [*.....]
Gold:   2345       SH:  8    Dex: 25    Spells: 3/26 levels left

rFire    + . .     SeeInvis +   a - +1 short sword (venom)
rCold    + . .     Gourm    .   (shield restricted)
rNeg     . . .     Faith    .   M - +2 robe {rF+}
rPois    +         Spirit   .   (helmet restricted)
rElec    +         Reflect  +   Q - +0 cloak
rCorr    .         Harm     .   (gloves unavailable)
MR       ++++.                  (boots unavailable)
Stlth    ++++++....             h - amulet "Emyberai" {Reflect +Fly Dex+4 SH+4}
Regen    0.3/turn               J - +4 ring of slaying
MPRegen  0.3/turn               O - ring "Nuant" {rElec rPois MP+9 Str+4 Int+2 Dex+5}

@: very quick
A: unfitting armour, antennae 2, icy blue scales 1, large bone plates 1, see
invisible, cold resistance 1, herbivore 3, speed 3, magic resistance 2, mutation
resistance 2, shaggy fur 1, electricity resistance, slow metabolism 2
a: Renounce Religion, Evoke Flight


You were on level 2 of the Orcish Mines.
You worshipped Xom.
You were a special plaything of Xom.
You were not hungry.

You visited 3 branches of the dungeon, and saw 20 of its levels.
You also visited: Sewer, Ice Cave and Volcano.

You collected 2585 gold pieces.
You spent 240 gold pieces at shops.

Inventory:

Hand Weapons
 a - a +1 short sword of venom (weapon)
 b - a +0 shortbow
 K - a +0 quarterstaff
 N - a +4 lajatang of flaming
Missiles
 g - 105 arrows
Armour
 M - a +2 robe of fire resistance (worn)
 Q - a +0 cloak (worn)
Jewellery
 h - the amulet "Emyberai" (around neck) {Reflect +Fly Dex+4 SH+4}
   (Xom gifted it to you on level 4 of the Lair of Beasts)

   [amulet of reflection]

   It shields you and reflects attacks.
   It affects your dexterity (+4).
   It lets you fly.
   It affects your SH (+4).
 n - an uncursed ring of protection from fire
 y - an uncursed amulet of guardian spirit
 J - a +4 ring of slaying (left hand)
 O - the ring "Nuant" (right hand) {rElec rPois MP+9 Str+4 Int+2 Dex+5}
   (Xom gifted it to you on level 1 of the Lair of Beasts)

   [ring of strength]

   It affects your strength (+4).
   It affects your intelligence (+2).
   It affects your dexterity (+5).
   It insulates you from electricity.
   It protects you from poison.
   It affects your magic capacity (+9).
Wands
 d - a wand of clouds (1/9)
 o - a wand of enslavement (1/24)
 x - a wand of lightning (10/15)
 C - a wand of acid (6/15)
 E - a wand of iceblast (5/15)
 F - a wand of lightning (10/15)
 G - a wand of iceblast (5/15)
 T - a wand of polymorph (4/24)
 U - a wand of confusion (37/48)
 V - a wand of lightning (8/15)
Scrolls
 j - 8 scrolls of teleportation
 k - 2 scrolls of blinking
 l - 9 scrolls of remove curse
 m - 2 scrolls of fear
 t - 6 scrolls of enchant weapon
 u - 6 scrolls of fog
 v - 4 scrolls of amnesia
 w - 11 scrolls of identify
 z - 3 scrolls of immolation
 H - a scroll of summoning
 I - 5 scrolls of recharging
 L - 4 scrolls of magic mapping
 S - a scroll of enchant armour
Potions
 e - 4 potions of haste
 f - 5 potions of heal wounds
 i - 6 potions of lignification
 p - 4 potions of flight
 q - 10 potions of curing
 r - 5 potions of might
 s - 2 potions of invisibility
 P - 4 potions of brilliance
 R - 2 potions of magic
 W - 3 potions of mutation
 X - a potion of resistance
 Y - 2 potions of agility
 Z - 2 potions of berserk rage {unknown}
Books
 D - a book of Debilitation

   Spells                             Type                      Level
   a - Corona                         Hexes                        1
   b - Slow                           Hexes                        2
   c - Inner Flame                    Hexes/Fire                   3
   d - Portal Projectile              Hexes/Translocation          3
   e - Cause Fear                     Hexes                        4
   f - Leda's Liquefaction            Hexes/Earth                  4
Comestibles
 c - 14 bread rations
 A - 12 fruits
 B - 6 royal jellies


   Skills:
 * Level 10.4 Fighting
 - Level 10.0 Short Blades
 + Level 0.8 Staves
 - Level 14.0 Bows
 + Level 14.8 Dodging
 - Level 13.0 Stealth
 + Level 6.8 Spellcasting
 + Level 3.7 Hexes
 + Level 4.8 Charms
 + Level 2.8 Necromancy
 - Level 7.9 Transmutations
 + Level 2.4 Earth Magic
 - Level 8.7 Evocations


You had 3 spell levels left.
You knew the following spells:

 Your Spells              Type           Power        Failure   Level  Hunger
a - Passwall              Tmut/Erth      ###.......   2%          2    None
b - Petrify               Tmut/Erth      ###.....     16%         4    ####...
c - Lee's Rapid Deconstr  Erth           ##........   78%         5    #####..
d - Regeneration          Chrm/Necr      ###.......   8%          3    ##.....
e - Sticks to Snakes      Tmut           ####....     1%          2    None
f - Animate Skeleton      Necr           N/A          4%          1    None
g - Vampiric Draining     Necr           ##........   12%         3    ##.....
h - Portal Projectile     Hex/Tloc       ##....       17%         3    ##.....


Dungeon Overview and Level Annotations

Branches:
Dungeon (12/15)            Temple (0/1) D:6            Lair (6/6) D:8
  Swamp (0/4) Lair:3       Spider (0/4) Lair:4        Slime (0/5) Lair:6
    Orc (2/2) D:12            Elf (0/3) Orc:2

Altars:
Ashenzari
Dithmenos
Elyvilon
Fedhas
Gozag
Hepliaklqana
Kikubaaqudgha
Makhleb
Nemelex Xobeh
Okawaru
Qazlal
Ru
Sif Muna
Uskayaw
Xom
Yredelemnul
Zin
The Shining One
Jiyva

Shops:
D:3 *   D:8 *   D:9 *   Orc:2 :*[

Annotations:
D:4 Duvessa
D:6 exclusions: door and oklob sapling


Innate Abilities, Weirdness & Mutations

You are very small and have problems with some larger weapons.
You are too small for most types of armour.
You have supernaturally acute eyesight. (SInv)
You are a herbivore.
You cover ground extremely quickly.
You need consume almost no food.
You have a pair of antennae on your head.
You are partially covered in icy blue scales. (AC +2)
You are partially covered in large bone plates. (SH +4)
Your flesh is cold resistant. (rC+)
You are highly resistant to hostile enchantments. (MR++)
You are somewhat resistant to both further mutation and mutation removal.
You are covered in fur. (AC +1)
You are resistant to electric shocks. (rElec)


Message History

The orc high priest is healed somewhat.
You puncture the orc high priest!
The orc high priest is poisoned.
The orc high priest is severely wounded.
The sun demon completely misses you.
You closely miss the orc high priest.
The orc high priest is severely wounded.
The chaos spawn completely misses you. The hellwing completely misses you.
You block the hellwing's attack. The orc high priest closely misses you.
You hit the orc high priest.
The orc high priest looks as sick as possible!
The orc high priest is severely wounded.
The sun demon completely misses you. The hellwing completely misses you.
You block the hellwing's attack. The chaos spawn completely misses you.
You completely miss the orc high priest.
The orc high priest is severely wounded.
The orc high priest hits you with an enchanted glaive!
* * * LOW HITPOINT WARNING * * *
The sun demon hits you!!
You die...
Xom giggles madly!

**............#........,,,*
*,............#......#,,,,,
**............(.....(#,,,,,
**,.((.#............#*,,,,.
*,,,.((....#.......##**,,..
**,,.,#(#...)...<...## ###..
*,,,..##((...#(..)...###....
**,,.....(([.(......[.##....
*,,,......o@.#..............
*,,,......434#...(..........
*,∆,.......()...............
*,,,...........##.#.........
*,,,....∩.....#####.....[..#
*,,,..........# *#.#........
*,,,....8..P..#*#.........[.
**,,.........###...####.##..
**∆,.....P...#*#...** #####.


You could see an orc high priest, a sun demon, a hellwing and a chaos spawn.

Vanquished Creatures
  A frost giant (IceCv)
  A dire elephant (Lair:5)
  The ghost of Gargoyl the Protected, a journeyman MiAK of Lugonu (Lair:4)
  A spark wasp (Lair:5)
  Josephine (D:10)
  A hydra (Lair:5)
  A catoblepas (Lair:4)
  An ogre mage (Orc:1)
  A queen ant (Lair:5)
  An alligator snapping turtle (Lair:3)
  4 two-headed ogres
  4 orc high priests
  An orc knight (Orc:1)
  A sea snake (Orc:1)
  An unseen horror (D:11)
  2 deep elf magi (D:12)
  A cyclops (Orc:2)
  An orc sorcerer (Volcano)
  13 elephants (Lair:5)
  2 manticores (D:12)
  4 ugly things (Volcano)
  An ice statue (IceCv)
  Joseph (D:8)
  5 black mambas
  2 centaur skeletons
  A smoke demon (Volcano)
  A gargoyle (D:10)
  14 spiny frogs
  5 komodo dragons
  5 rime drakes
  A troll (shapeshifter) (Lair:6)
  3 trolls
  A merfolk (D:9)
  13 polar bears (IceCv)
  3 tyrant leeches
  A hornet (shapeshifter) (Lair:2)
  25 blink frogs
  5 hippogriffs
  Sigmund (D:5)
  5 wraiths (D:10)
  A fire bat (Orc:2)
  2 wyverns
  A golden eye (Lair:1)
  33 yaks
  A hungry ghost (D:10)
  4 basilisks
  10 vampire mosquitoes
  A steam dragon (D:11)
  A warg (Orc:1)
  2 acid dragons (D:12)
  A hell hound (Volcano)
  6 water moccasins
  3 porcupines
  21 orc warriors
  2 sky beasts
  2 ice beasts
  3 phantoms
  11 ogres
  2 black bears
  19 wolves
  A necrophage (D:8)
  An eye of draining (D:10)
  3 centaurs
  15 crocodiles
  5 big kobolds
  26 bullfrogs
  2 gnoll sergeants (D:12)
  A wyvern zombie (D:12)
  6 scorpions
  Dowan (D:5)
  5 killer bees
  4 wights (D:12)
  6 howler monkeys
  An electric eel (Lair:3)
  10 crimson imps
  9 hounds
  3 jellies
  13 orc priests
  7 bullfrog skeletons
  2 iguanas
  19 orc wizards
  6 worker ants
  5 hell rats (Lair:4)
  A hound zombie (D:11)
  A hound skeleton (D:11)
  5 gnolls
  15 adders
  A river rat (Sewer)
  5 shadow imps
  An ooze (D:2)
  2 adder skeletons
  A worm (D:3)
  4 dart slugs
  2 leopard geckos
  75 orcs
  6 bats
  10 giant cockroaches
  2 gnoll zombies (D:2)
  A hobgoblin (shapeshifter) (D:4)
  11 hobgoblins
  26 jackals
  3 quokkas
  6 frilled lizards
  5 goblins
  A jackal skeleton (D:6)
  15 kobolds
  A leopard gecko skeleton (D:4)
  A quokka zombie (D:7)
  19 rats
  2 fungi (Lair:6)
636 creatures vanquished.

Vanquished Creatures (collateral kills)
  A two-headed ogre (Orc:2)
  An elephant (Lair:5)
  3 spiny frogs (Lair:6)
  3 komodo dragons (Lair:3)
  2 blink frogs
  A yak (Lair:6)
  A vampire mosquito (Lair:6)
  A hungry ghost (D:8)
  A porcupine (Lair:3)
  A tengu (IceCv)
  5 wolves
  3 bullfrogs (Lair:6)
  An orc wizard (D:6)
  A gnoll (D:6)
  2 orcs
  A giant cockroach (D:6)
28 creatures vanquished.

Vanquished Creatures (others)
  An ettin (Orc:2)
  A two-headed ogre (Orc:2)
  A spiny frog (Lair:6)
  2 yaks (Lair:1)
  An orc wizard (D:6)
  A worm (Orc:2)
  A jackal (D:1)
  34 fungi
  44 plants
86 creatures vanquished.

Grand Total: 750 creatures vanquished

Notes
Turn   | Place    | Note
-------+----------+-------------------------------------------
     0 | D:1      | Jannitor the Spriggan Chaos Knight began the quest for the Orb.
     0 | D:1      | Reached XP level 1. HP: 11/11 MP: 2/2
    36 | D:1      | XOM: divination: detect items
    61 | D:1      | XOM: harmless Summ miscast
   178 | D:1      | XOM: harmless Pois miscast
   407 | D:1      | Reached XP level 2. HP: 16/16 MP: 3/3
   432 | D:1      | Reached skill level 1 in Stealth
   448 | D:1      | XOM: harmless Summ miscast
   511 | D:1      | XOM: harmless Tloc miscast
   662 | D:1      | XOM: harmless Air miscast
   735 | D:1      | Reached XP level 3. HP: 19/19 MP: 4/4
   737 | D:1      | XOM: harmless Ice miscast
  1198 | D:2      | Found a shattered altar of Ashenzari.
  1257 | D:2      | Found an ancient bone altar of Kikubaaqudgha.
  1488 | D:2      | Found a sacrificial altar of Ru.
  1511 | D:2      | Reached XP level 4. HP: 16/24 MP: 5/5
  1825 | D:2      | Reached skill level 5 in Dodging
  1829 | D:2      | Found a basalt altar of Yredelemnul.
  1931 | D:3      | XOM: 3-stop teleportation journey
  2026 | D:3      | Found Gozag's Platinum Reserve.
  2026 | D:3      | Found an opulent altar of Gozag.
  2178 | D:3      | Found a glowing drain.
  2186 | D:3      | Reached XP level 5. HP: 28/28 MP: 6/6
  2187 | D:3      | XOM: harmless Ice miscast
  2344 | D:3      | XOM: medium Summ miscast
  2345 | D:3      | Noticed a small abomination
  2345 | D:3      | Noticed a small abomination
  2346 | Sewer    | Entered a sewer
  2582 | Sewer    | XOM: mild Chrm miscast
  2588 | Sewer    | XOM: noise
  2598 | Sewer    | Reached XP level 6. HP: 23/33 MP: 7/7
  2665 | Sewer    | XOM: 4-stop teleportation journey
  2682 | Sewer    | Found a white marble altar of Elyvilon.
  2832 | D:3      | XOM: god gift: scroll labeled YFYMNY CAYJ {god gift}
  3092 | D:3      | XOM: 3-stop teleportation journey
  3424 | D:4      | Found a shadowy altar of Dithmenos.
  3424 | D:4      | XOM: 5-stop teleportation journey
  3478 | D:4      | XOM: severe Erth miscast
  3498 | D:4      | Found a glowing silver altar of Zin.
  3539 | D:4      | XOM: enchant monster (good)
  3540 | D:4      | XOM: noise
  3545 | D:4      | Reached skill level 5 in Short Blades
  3576 | D:4      | XOM: smoke on damage
  3760 | D:4      | Found a hazy altar of Hepliaklqana.
  3789 | D:4      | XOM: potion effect (curing)
  3800 | D:4      | Reached skill level 5 in Stealth
  3800 | D:4      | Reached XP level 7. HP: 22/37 MP: 8/8
  4015 | D:4      | XOM: god gift: 12 stones
  4521 | D:4      | XOM: give mutations
  4521 | D:4      | Gained mutation: Armour fits poorly on your strangely shaped body. [Xom's mischief]
  4521 | D:4      | Gained mutation: You are frail. (-10% HP) [Xom's mischief]
  4521 | D:4      | Gained mutation: Potions are less effective at restoring your health. [Xom's mischief]
  4553 | D:5      | Entered Level 5 of the Dungeon
  4553 | D:5      | Noticed Sigmund
  4577 | D:5      | Killed Sigmund
  4649 | D:5      | XOM: god gift: 38 gold pieces
  4805 | D:5      | XOM: give mutations
  4805 | D:5      | Gained mutation: You are resistant to hostile enchantments. (MR+) [Xom's grace]
  4805 | D:5      | Gained mutation: You possess an exceptional clarity of mind. [Xom's grace]
  4805 | D:5      | Gained mutation: You are resistant to electric shocks. (rElec) [Xom's grace]
  4805 | D:5      | Gained mutation: Your flesh is cold resistant. (rC+) [Xom's grace]
  4811 | D:5      | XOM: god gift: 5 bread rations
  4935 | D:5      | XOM: noise
  5147 | D:5      | XOM: divination: magic mapping
  5389 | D:5      | Noticed Dowan
  5393 | D:5      | Noticed Duvessa
  5399 | D:5      | XOM: mild Necr miscast
  5414 | D:5      | XOM: 1-stop teleportation journey
  5430 | D:5      | XOM: noise
  5497 | D:4      | Reached XP level 8. HP: 13/37 MP: 4/9
  5893 | D:5      | XOM: harmless Conj miscast
  5936 | D:5      | XOM: give mutations
  5936 | D:5      | Gained mutation: You are very frail. (-20% HP) [Xom's mischief]
  5936 | D:5      | Lost mutation: Armour fits poorly on your strangely shaped body. [Xom's mischief]
  5936 | D:5      | Gained mutation: You are extremely frail. (-30% HP) [Xom's mischief]
  5936 | D:5      | Lost mutation: You are extremely frail. (-30% HP) [Xom's mischief]
  6096 | D:5      | Killed Dowan
  6101 | D:4      | Noticed Duvessa
  6101 | D:4      | Duvessa changed into Duvessa the porcupine
  6101 | D:4      | XOM: polymorph Duvessa -> Duvessa the porcupine
  6405 | D:5      | Found a deep blue altar of Sif Muna.
  6462 | D:5      | XOM: divination: magic mapping
  6721 | D:5      | Lost mutation: You are very frail. (-20% HP) [potion of mutation]
  6721 | D:5      | Lost mutation: Potions are less effective at restoring your health. [potion of mutation]
  6721 | D:5      | Lost mutation: You possess an exceptional clarity of mind. [potion of mutation]
  6721 | D:5      | Lost mutation: You are frail. (-10% HP) [potion of mutation]
  6721 | D:5      | Gained mutation: Your system is resistant to poisons. (rPois) [potion of mutation]
  6721 | D:5      | Gained mutation: Your muscles are strong. (Str +2) [potion of mutation]
  6721 | D:5      | Gained mutation: You are highly resistant to hostile enchantments. (MR++) [potion of mutation]
  6813 | D:5      | XOM: cloud trail
  7012 | D:6      | Found a staircase to the Ecumenical Temple.
  7036 | D:6      | XOM: confuse monster(s)
  7037 | D:6      | Reached skill level 5 in Fighting
  7042 | D:6      | XOM: divination: magic mapping
  7045 | D:6      | XOM: cast spell 'Summon Hydra'
  7065 | D:6      | XOM: polymorph orc warrior -> howler monkey
  7152 | D:6      | XOM: confuse monster(s)
  7274 | D:6      | XOM: enchant monster (good)
  7277 | D:6      | HP: 1/43 [orc warrior/mace (15)]
  7280 | D:6      | Reached skill level 1 in Bows
  7342 | D:6      | XOM: cloud trail
  7684 | D:6      | XOM: summons 8 friendly demons
  7722 | D:6      | XOM: scenery: 1 doors open, 2 doors close
  8163 | D:6      | Noticed a slime creature
  8173 | D:6      | XOM: god gift: shiny emerald ring {god gift}
  8195 | D:6      | XOM: 4-stop teleportation journey
  8228 | D:6      | XOM: god gift: shiny chain mail {god gift}
  8238 | D:6      | XOM: summons friendly iron imp
  8379 | D:6      | XOM: god gift: plate armour {god gift}
  8470 | D:7      | Found an iron altar of Okawaru.
  8521 | D:7      | Noticed a hippogriff
  8528 | D:7      | XOM: cleaving
  8539 | D:7      | Reached skill level 1 in Evocations
  8539 | D:7      | Reached XP level 9. HP: 47/47 MP: 10/10
  8546 | D:7      | XOM: cast spell 'Discord'
  8556 | D:7      | XOM: scenery: create altars
  8634 | D:7      | XOM: god gift: 37 gold pieces
  8639 | D:7      | XOM: enchant monster (good)
  8735 | D:7      | XOM: 2-stop teleportation journey
  8762 | D:7      | XOM: scenery: create altars
  8861 | D:7      | XOM: god gift: scroll labeled POYNAFO DEPP {god gift}
  8922 | D:7      | XOM: scenery: create altars
  9337 | D:8      | XOM: enchant monster (bad)
  9340 | D:8      | XOM: confuse monster(s)
  9424 | D:8      | Found a staircase to the Lair.
  9459 | D:8      | XOM: polymorph scorpion -> hound
  9502 | D:8      | XOM: enchant monster (bad)
  9506 | D:8      | XOM: summons friendly quasit
  9507 | D:8      | XOM: fog
  9513 | D:8      | Reached skill level 5 in Bows
  9580 | D:8      | XOM: scenery: create altars
  9589 | D:8      | XOM: polymorph quasit -> crimson imp
  9614 | D:8      | XOM: summons 4 friendly demons
  9671 | D:8      | Noticed a hand axe
  9672 | D:8      | Noticed a dagger
  9672 | D:8      | Found a hide-covered altar of Uskayaw.
  9843 | D:8      | Found a burning altar of Makhleb.
  9869 | D:8      | XOM: 6-stop teleportation journey
  9954 | D:8      | Noticed Joseph
 10000 | D:8      | Killed Joseph
 10000 | D:8      | Reached skill level 10 in Dodging
 10314 | D:8      | Reached XP level 10. HP: 53/53 MP: 14/14
 10335 | D:8      | Found Kuwee's General Store.
 10338 | D:8      | Bought a scroll of magic mapping for 35 gold pieces
 10338 | D:8      | Bought a +2 robe of fire resistance for 177 gold pieces
 10338 | D:8      | Bought 14 arrows for 28 gold pieces
 10354 | D:8      | Found a stormy altar of Qazlal.
 10384 | D:8      | Found a sacrificial altar of Ru.
 10739 | D:9      | Found a blossoming altar of Fedhas.
 10775 | D:9      | Found a sparkling altar of Nemelex Xobeh.
 10783 | D:9      | XOM: summons 2 friendly demons
 10891 | D:9      | Noticed a two-headed ogre
 10922 | D:9      | Killed a two-headed ogre
 10922 | D:9      | Reached skill level 10 in Stealth
 10982 | D:9      | Found a hazy altar of Hepliaklqana.
 11003 | D:9      | XOM: medium Summ miscast
 11075 | D:9      | XOM: smoke on damage
 11217 | D:9      | XOM: swap monsters
 11320 | D:9      | Found Zubios's General Store.
 11359 | D:9      | XOM: cloud trail
 11414 | D:9      | XOM: enchant monster (bad)
 11772 | D:9      | XOM: give mutations
 11772 | D:9      | Gained mutation: Your spells are a little harder to cast, but a little more powerful. [Xom's grace]
 11772 | D:9      | Gained mutation: You are partially covered in large bone plates. (SH +4) [Xom's grace]
 11772 | D:9      | Gained mutation: You are agile. (Dex +2) [Xom's grace]
 11772 | D:9      | Gained mutation: You have a pair of small antennae on your head. [Xom's grace]
 11798 | D:9      | XOM: scenery: 2 doors close
 11865 | Lair:1   | Entered Level 1 of the Lair of Beasts
 11929 | Lair:1   | XOM: divine lightning
 11945 | Lair:1   | XOM: 5-stop teleportation journey
 11977 | Lair:1   | Reached skill level 5 in Evocations
 12065 | Lair:1   | XOM: polymorph water moccasin -> golden eye
 12066 | Lair:1   | XOM: confuse monster(s)
 12072 | Lair:1   | XOM: cleaving
 12249 | Lair:1   | XOM: fake destruction
 12311 | Lair:1   | XOM: scenery: create altars
 12607 | Lair:1   | XOM: god gift: 29 gold pieces
 12649 | Lair:1   | XOM: enchant monster (bad)
 12660 | Lair:1   | XOM: divine lightning
 12965 | Lair:1   | XOM: give mutations
 12965 | Lair:1   | Lost mutation: You are agile. (Dex +2) [Xom's mischief]
 12965 | Lair:1   | Lost mutation: Your system is resistant to poisons. (rPois) [Xom's mischief]
 12965 | Lair:1   | Gained mutation: Armour fits poorly on your strangely shaped body. [Xom's mischief]
 13007 | Lair:1   | XOM: god gift: brightly glowing golden ring {god gift}
 13008 | Lair:1   | Got a brightly glowing golden ring {god gift}
 13009 | Lair:1   | Identified the ring "Nuant" {rElec rPois MP+9 Str+4 Int+2 Dex+5} (Xom gifted it to you on level 1 of the Lair of Beasts)
 13017 | Lair:1   | XOM: cloud trail
 13077 | Lair:1   | XOM: scenery: create altars
 13257 | Lair:2   | Noticed a spiny frog
 13264 | Lair:2   | Killed a spiny frog
 13297 | Lair:2   | XOM: summons 10 friendly demons
 13310 | Lair:2   | Reached XP level 11. HP: 58/58 MP: 16/16
 13368 | Lair:2   | Got a shadowed robe
 13369 | Lair:2   | Identified the cursed +1 robe "Foiheuci" {+Blink Int+4 Stlth+} (You found it on level 2 of the Lair of Beasts)
 13438 | Lair:2   | You fall through a shaft!
 13438 | Lair:3   | Found a staircase to the Swamp.
 13468 | Lair:2   | XOM: cleaving
 13474 | Lair:2   | XOM: give mutations
 13474 | Lair:2   | Gained mutation: You are somewhat resistant to further mutation. [Xom's grace]
 13474 | Lair:2   | Gained mutation: You are extremely resistant to the effects of hostile enchantments. (MR+++) [Xom's grace]
 13474 | Lair:2   | Gained mutation: You have a pair of antennae on your head. [Xom's grace]
 13584 | Lair:2   | XOM: polymorph yak -> troll
 13585 | Lair:2   | XOM: potion effect (agility)
 13588 | Lair:2   | XOM: polymorph troll -> hornet
 13595 | Lair:2   | XOM: divination: detect items
 13600 | Lair:2   | XOM: noise
 13604 | Lair:2   | XOM: summons 4 hostile shadow creatures
 13605 | Lair:2   | Noticed a five-headed hydra
 13606 | Lair:2   | XOM: enchant monster (good)
 13711 | Lair:2   | XOM: enchant monster (good)
 13800 | Lair:2   | XOM: harmless Necr miscast
 13934 | Lair:2   | XOM: mild Necr miscast
 14111 | Lair:2   | XOM: harmless Ice miscast
 14117 | Lair:2   | XOM: summons 2 hostile shadow creatures
 14129 | Lair:2   | XOM: swap monsters
 14132 | Lair:2   | XOM: destruction
 14148 | Lair:2   | XOM: summons 2 friendly demons
 14444 | Lair:3   | XOM: summons friendly shadow imp
 14452 | Lair:3   | XOM: polymorph shadow imp -> iron imp
 14536 | Lair:3   | XOM: cast spell 'Summon Mana Viper'
 14639 | Lair:3   | XOM: butterfly on damage
 14699 | Lair:3   | Reached skill level 10 in Bows
 14704 | Lair:3   | XOM: summons 2 friendly demons
 14705 | Lair:3   | XOM: summons friendly crimson imp
 14777 | Lair:3   | XOM: 1-stop teleportation journey
 14827 | Lair:3   | XOM: divination: magic mapping
 14907 | Lair:3   | Learned a level 2 spell: Passwall
 14912 | Lair:3   | Learned a level 4 spell: Petrify
 14966 | Lair:3   | XOM: potion effect (might)
 14972 | Lair:3   | XOM: enchant monster (good)
 14992 | Lair:3   | Reached skill level 1 in Transmutations
 15154 | Lair:3   | XOM: enchant monster (bad)
 15172 | Lair:3   | Found a white marble altar of Elyvilon.
 15190 | Lair:3   | XOM: medium Hex miscast
 15241 | Lair:3   | Noticed Rupert
 15249 | Lair:3   | XOM: enchant monster (good)
 15280 | Lair:3   | Noticed Rupert
 15280 | Lair:3   | Rupert changed into Rupert the alligator snapping turtle
 15280 | Lair:3   | XOM: polymorph Rupert -> Rupert the alligator snapping turtle
 15300 | Lair:3   | XOM: summons friendly crimson imp
 15328 | Lair:3   | XOM: divination: detect creatures
 15329 | Lair:3   | XOM: summons 5 friendly demons
 15380 | Lair:3   | Killed Rupert the alligator snapping turtle
 15381 | Lair:3   | XOM: give mutations
 15381 | Lair:3   | Gained mutation: Your muscles are very strong. (Str +4) [Xom's grace]
 15381 | Lair:3   | Gained mutation: Your flesh is very cold resistant. (rC++) [Xom's grace]
 15381 | Lair:3   | Gained mutation: Your spells are harder to cast, but more powerful. [Xom's grace]
 15389 | Lair:3   | XOM: 2-stop teleportation journey
 15474 | Lair:3   | XOM: fake destruction
 15479 | Lair:3   | XOM: blink monster(s)
 15555 | Lair:3   | XOM: divination: detect items
 15573 | Lair:3   | Reached XP level 12. HP: 59/63 MP: 18/18
 15577 | Lair:3   | XOM: stat loss: -1 Str (19/20)
 15580 | Lair:3   | XOM: god gift: robe {god gift}
 16129 | Lair:4   | Found a frozen archway.
 16134 | Lair:4   | Noticed Gargoyl's ghost (journeyman MiAK)
 16138 | IceCv    | Entered an ice cave
 16274 | IceCv    | XOM: fog
 16282 | IceCv    | XOM: medium Chrm miscast
 16327 | IceCv    | XOM: repel stairs
 16337 | IceCv    | XOM: divination: magic mapping
 16431 | IceCv    | XOM: harmless Ice miscast
 16656 | IceCv    | XOM: enchant monster (good)
 16660 | IceCv    | XOM: blink monster(s)
 16667 | IceCv    | XOM: divination: detect items
 16677 | IceCv    | XOM: enchant monster (bad)
 16680 | IceCv    | XOM: enchant monster (good)
 16759 | IceCv    | XOM: harmless Tmut miscast
 17044 | IceCv    | XOM: noise
 17196 | IceCv    | XOM: god gift: robe {god gift}
 17604 | IceCv    | Noticed a frost giant
 17611 | IceCv    | XOM: polymorph wolf -> tengu
 17612 | IceCv    | XOM: divination: detect creatures
 17625 | IceCv    | XOM: enchant monster (good)
 17719 | IceCv    | XOM: mild Tloc miscast
 17811 | Lair:4   | XOM: enchant monster (bad)
 17992 | Lair:4   | Noticed a catoblepas
 17999 | Lair:4   | XOM: noise
 18082 | Lair:4   | XOM: 1-stop teleportation journey
 18136 | Lair:4   | Found a hole to the Spider Nest.
 18140 | Lair:4   | XOM: potion effect (might)
 18148 | Lair:4   | XOM: mild Erth miscast
 18166 | Lair:4   | XOM: summons friendly quasit
 18187 | Lair:4   | XOM: harmless Tloc miscast
 18188 | Lair:4   | Killed a catoblepas
 18536 | Lair:4   | XOM: summons friendly quasit
 18900 | Lair:4   | Learned a level 5 spell: Lee's Rapid Deconstruction
 18965 | Lair:4   | Reached skill level 10 in Short Blades
 19029 | Lair:4   | Killed Gargoyl's ghost
 19029 | Lair:4   | Reached skill level 5 in Transmutations
 19278 | Lair:4   | XOM: cast spell 'Necromutation'
 19334 | Lair:4   | XOM: god gift: bound platinum amulet {god gift}
 19335 | Lair:4   | Got a bound platinum amulet {god gift}
 19337 | Lair:4   | Identified the amulet "Emyberai" {Reflect +Fly Dex+4 SH+4} (Xom gifted it to you on level 4 of the Lair of Beasts)
 19500 | Lair:5   | XOM: 4-stop teleportation journey
 19517 | Lair:5   | XOM: summons 12 friendly demons
 19521 | Lair:5   | XOM: divine lightning
 19531 | Lair:5   | XOM: scenery: create altars
 19538 | Lair:5   | Noticed a dire elephant
 19549 | Lair:5   | XOM: scenery: create altars
 19554 | Lair:5   | Reached skill level 1 in Spellcasting
 19559 | Lair:5   | XOM: scenery: create altars
 19566 | Lair:5   | XOM: enchant monster (good)
 19595 | Lair:5   | XOM: fake destruction
 19596 | Lair:5   | XOM: smoke on damage
 19601 | Lair:5   | XOM: noise
 19603 | Lair:5   | XOM: harmless Pois miscast
 19604 | Lair:5   | XOM: enchant monster (good)
 19619 | Lair:5   | Reached XP level 13. HP: 33/69 MP: 20/20
 19634 | Lair:6   | Entered Level 6 of the Lair of Beasts
 19640 | Lair:6   | XOM: silly message
 19645 | Lair:6   | XOM: enchant monster (good)
 19658 | Lair:5   | XOM: enchant monster (bad)
 19665 | Lair:5   | XOM: give mutation
 19665 | Lair:5   | Lost mutation: Your spells are harder to cast, but more powerful. [Xom's mischief]
 19680 | Lair:5   | XOM: 1-stop teleportation journey
 19693 | Lair:5   | XOM: enchant monster (bad)
 19940 | Lair:5   | XOM: cast spell 'Alistair's Intoxication'
 19950 | Lair:5   | XOM: summons 10 friendly demons
 20013 | Lair:5   | XOM: summons friendly crimson imp
 20020 | Lair:5   | XOM: cast spell 'Summon Butterflies'
 20045 | Lair:5   | XOM: harmless Hex miscast
 20071 | Lair:5   | Killed a dire elephant
 20073 | Lair:5   | XOM: butterfly on damage
 20493 | Lair:5   | XOM: potion effect (brilliance)
 20540 | Lair:5   | XOM: harmless Ice miscast
 20548 | Lair:5   | XOM: potion effect (curing)
 20657 | Lair:5   | XOM: divination: magic mapping
 20677 | Lair:5   | XOM: butterfly on damage
 20678 | Lair:5   | XOM: confuse monster(s)
 20761 | Lair:5   | XOM: cast spell 'Summon Ice Beast'
 21363 | Lair:5   | XOM: mild Conj miscast
 21503 | Lair:6   | XOM: harmless Hex miscast
 21548 | Lair:5   | XOM: polymorph tyrant leech -> queen ant
 21551 | Lair:5   | XOM: harmless Ice miscast
 21554 | Lair:5   | XOM: god gift: scroll of recharging
 21818 | Lair:5   | XOM is BORED!
 21855 | Lair:6   | XOM: divination: detect creatures
 21860 | Lair:6   | XOM: smoke on damage
 21968 | Lair:6   | XOM: confuse monster(s)
 22003 | Lair:6   | XOM: divination: magic mapping
 22012 | Lair:6   | XOM: harmless Ice miscast
 22016 | Lair:6   | XOM: 3-stop teleportation journey
 22028 | Lair:6   | XOM: scenery: create altars
 22032 | Lair:6   | XOM: summons 8 friendly demons
 22048 | Lair:6   | XOM: scenery: create altars
 22108 | Lair:6   | XOM: potion effect (berserk rage)
 22146 | Lair:6   | XOM: smoke on damage
 22150 | Lair:6   | XOM: destruction
 22167 | Lair:6   | XOM: polymorph spiny frog -> troll
 22176 | Lair:6   | XOM: fake destruction
 22187 | Lair:6   | XOM: summons friendly white imp
 22189 | Lair:6   | XOM: repel stairs
 22198 | Lair:6   | XOM: enchant monster (bad)
 22500 | Lair:6   | XOM: give mutations
 22500 | Lair:6   | Lost mutation: Your muscles are very strong. (Str +4) [Xom's mischief]
 22500 | Lair:6   | Gained mutation: You are clumsy. (Dex -2) [Xom's mischief]
 22517 | Lair:6   | XOM: give mutation
 22517 | Lair:6   | Lost mutation: Armour fits poorly on your strangely shaped body. [Xom's mischief]
 22532 | Lair:6   | Found a viscous altar of Jiyva.
 22532 | Lair:6   | Found a staircase to the Slime Pits.
 22694 | Lair:6   | XOM: harmless Conj miscast
 22699 | Lair:6   | Learned a level 3 spell: Regeneration
 22732 | Lair:6   | XOM: 2-stop teleportation journey
 22820 | Lair:6   | XOM: severe Tmut miscast
 22820 | Lair:6   | Lost mutation: Your spells are a little harder to cast, but a little more powerful. [the severe capriciousness of Xom]
 22944 | Lair:6   | XOM: 3-stop teleportation journey
 22976 | Lair:5   | XOM: noise
 23188 | Lair:5   | XOM: severe Ice miscast
 23217 | Lair:6   | XOM: silly message
 23278 | Lair:6   | XOM: summons 13 friendly demons
 23287 | Lair:6   | XOM: noise
 23292 | Lair:6   | XOM: swap monsters
 23297 | Lair:6   | XOM: 9-stop teleportation journey
 23366 | Lair:5   | XOM: harmless Pois miscast
 23509 | Lair:6   | Noticed a spark wasp
 23509 | Lair:6   | a tyrant leech changed into a spark wasp
 23509 | Lair:6   | XOM: polymorph tyrant leech -> spark wasp
 23518 | Lair:5   | XOM: confusion (+ monsters)
 23531 | Lair:5   | Killed a spark wasp
 23640 | Lair:6   | XOM: give mutations
 23640 | Lair:6   | Lost mutation: Your flesh is very cold resistant. (rC++) [Xom's mischief]
 23640 | Lair:6   | Lost mutation: Your muscles are strong. (Str +2) [Xom's mischief]
 23694 | Lair:6   | Learned a level 2 spell: Sticks to Snakes
 23852 | Lair:6   | XOM: destruction
 23857 | Lair:6   | XOM: cast spell 'Death Channel'
 24095 | Lair:6   | Learned a level 1 spell: Animate Skeleton
 24100 | Lair:6   | Learned a level 3 spell: Vampiric Draining
 24246 | Lair:2   | Reached skill level 5 in Spellcasting
 24365 | D:10     | Entered Level 10 of the Dungeon
 24546 | D:10     | Noticed Josephine
 24558 | D:10     | XOM: divination: magic mapping
 24590 | D:10     | XOM: potion effect (agility)
 24593 | D:10     | XOM: cast spell 'Ring of Flames'
 24599 | D:10     | XOM: confuse monster(s)
 24599 | D:10     | Reached XP level 14. HP: 48/75 MP: 22/22
 24601 | D:10     | Killed Josephine
 24743 | D:10     | XOM: give mutations
 24743 | D:10     | Gained mutation: You are covered in fur. (AC +1) [Xom's grace]
 24743 | D:10     | Gained mutation: You are somewhat resistant to both further mutation and mutation removal. [Xom's grace]
 24743 | D:10     | Gained mutation: You are partially covered in icy blue scales. (AC +2) [Xom's grace]
 24743 | D:10     | Lost mutation: You are clumsy. (Dex -2) [Xom's grace]
 24802 | D:10     | XOM: cloud trail
 24917 | D:10     | XOM is BORED!
 24917 | D:10     | XOM: mild Air miscast
 25116 | D:10     | XOM: medium Tloc miscast
 25642 | D:11     | XOM: potion effect (haste)
 25759 | D:11     | Identified the cursed +1 flail of Compassion {distort, rPois MP+9 Str-5} (You found it on level 11 of the Dungeon)
 25907 | D:11     | XOM: 8-stop teleportation journey
 26000 | D:11     | Found a glowing golden altar of the Shining One.
 26043 | D:11     | Reached skill level 1 in Charms
 26160 | D:11     | XOM: divination: detect items
 26187 | D:11     | XOM: cast spell 'Summon Butterflies'
 26495 | D:12     | XOM: cloud trail
 26504 | D:12     | Reached skill level 1 in Necromancy
 26561 | D:12     | Reached skill level 1 in Earth Magic
 26614 | D:12     | XOM: cast spell 'Metabolic Englaciation'
 26760 | D:12     | XOM: god gift: transparent scythe {god gift}
 26819 | D:12     | XOM: polymorph centaur -> wolf
 26842 | D:12     | Reached skill level 10 in Fighting
 26869 | D:12     | Learned a level 3 spell: Portal Projectile
 27074 | D:12     | XOM: divination: detect creatures
 27260 | D:12     | XOM: 4-stop teleportation journey
 27328 | D:12     | XOM: harmless Summ miscast
 27366 | D:12     | Found a staircase to the Orcish Mines.
 27373 | D:12     | Reached skill level 1 in Hexes
 27505 | Orc:1    | Entered Level 1 of the Orcish Mines
 27768 | Orc:2    | Entered Level 2 of the Orcish Mines
 27768 | Orc:2    | Found Ygymiemaott's Antique Armour Boutique.
 27772 | Orc:2    | XOM: summons 2 hostile shadow creatures
 27774 | Orc:2    | XOM: polymorph orc warrior -> fire bat
 27807 | Orc:2    | Found a dark tunnel.
 27815 | Volcano  | Entered a volcano
 27951 | Volcano  | XOM: summons 1 hostile demon
 27975 | Volcano  | XOM: confusion
 27977 | Volcano  | XOM: harmless Tloc miscast
 28238 | Orc:2    | XOM: summons 4 hostile shadow creatures
 28255 | Orc:2    | Found Momap's General Store.
 28255 | Orc:2    | XOM: 6-stop teleportation journey
 28259 | Orc:2    | XOM: scenery: create altars
 28370 | Orc:2    | XOM: divination: detect items
 28388 | Orc:2    | XOM: fog
 28399 | Orc:2    | Noticed an orc warlord
 28404 | Orc:2    | XOM: destruction
 28688 | Orc:2    | XOM: polymorph orc warrior -> killer bee
 28752 | Orc:1    | XOM: polymorph orc -> giant cockroach
 29146 | Orc:2    | Found Ypyd Sirch's Book Shoppe.
 29150 | Orc:2    | XOM: polymorph orc warrior -> worm
 29162 | Orc:2    | XOM: summons friendly quasit
 29163 | Orc:1    | XOM: confuse monster(s)
 29230 | Orc:2    | XOM: polymorph orc warrior -> crocodile
 29233 | Orc:2    | XOM: polymorph orc knight -> sea snake
 29435 | Orc:1    | XOM: stat loss: -1 Dex (24/25)
 29448 | Orc:1    | XOM: butterfly on damage
 29995 | Orc:1    | XOM: medium Summ miscast
 30082 | Orc:1    | XOM: mild Necr miscast
 30162 | Orc:2    | XOM: summons 6 hostile demons
 30400 | Orc:2    | XOM: give mutation
 30400 | Orc:2    | Lost mutation: You are extremely resistant to the effects of hostile enchantments. (MR+++) [Xom's mischief]
 30410 | Orc:2    | XOM: enchant monster (good)
 30418 | Orc:2    | XOM: torment (28/77 hp)
 30427 | Orc:2    | Mangled by a sun demon

Skill      XL: |  1  2  3  4  5  6  7  8  9 10 11 12 13 14 |
---------------+-------------------------------------------+-----
Dodging        | 4 5 6 7 9 10 11 12 13 14 | 14.8
Stealth        | 1 2 3 4 5 6 8 9 11 12 13 | 13.0
Fighting       | 3 4 5 6 7 8 9 10 | 10.4
Short Blades   | 4 5 7 8 9 10 | 10.0
Bows           | 2 6 8 10 12 13 14 | 14.0
Evocations     | 1 4 6 7 8 |  8.7
Transmutations | 2 5 7 |  7.9
Spellcasting   | 1 5 6 |  6.8
Charms         | 4 |  4.8
Necromancy     | 2 |  2.8
Earth Magic    | 2 |  2.4
Hexes          | 3 |  3.7
Staves         | |  0.8

Action                   |  1- 3 |  4- 6 |  7- 9 | 10-12 | 13-15 || total
-------------------------+-------+-------+-------+-------+-------++-------
Melee: Short sword       |   138 |   271 |   333 |   536 |  1027 ||  2305
       Dagger            |       |       |   243 |   204 |       ||   447
 Fire: Shortbow          |       |       |   126 |   413 |   574 ||  1113
Evoke: Wand              |       |       |     1 |     5 |     8 ||    14
  Use: Scroll            |       |     1 |    14 |    15 |     6 ||    36
       Potion            |       |       |     6 |     5 |     4 ||    15
 Stab: Sleeping          |    10 |     7 |     4 |    18 |    16 ||    55
       Paralysed         |     1 |     6 |     1 |     1 |       ||     9
       Confused          |     1 |     2 |     3 |     3 |     4 ||    13
       Betrayed ally     |       |       |     1 |     1 |       ||     2
       Distracted        |       |       |     4 |     2 |     5 ||    11
       Petrifying        |       |       |     1 |     1 |       ||     2
       Petrified         |       |       |     1 |       |       ||     1
       Invisible         |       |       |       |     3 |       ||     3
  Eat: Bread ration      |       |       |     2 |     1 |     2 ||     5
Armor: Robe              |    15 |    26 |    37 |    30 |    29 ||   137
       Skin              |       |       |     3 |       |       ||     3
Dodge: Dodged            |   104 |   208 |   528 |   710 |   748 ||  2298
Block: Other             |       |       |       |    98 |   282 ||   380
       Reflection        |       |       |       |       |     2 ||     2
